 Dungeon Crawl Stone Soup version 0.28-a0-1236-gb25a51b929 (webtiles) character file.

Game seed: 15402288333506130490

66 Leperlord the Skirmisher (level 4, -3/40 HPs)
             Began as a Ghoul Monk on Dec 26, 2021.
             Slain by a gnoll (10 damage)
             ... on level 3 of the Dungeon.
             The game lasted 00:09:59 (2455 turns).

Leperlord the Skirmisher (Ghoul Monk)               Turns: 2455, Time: 00:10:01

Health: -3/40      AC:  2    Str: 14    XL:     4   Next: 15%
Magic:  3/3        EV: 13    Int:  5    God:
Gold:   130        SH:  0    Dex: 13    Spells: 2/3 levels left

rFire   . . .      SeeInvis .   e - +3 spear (chaos)
rCold   + . .      Faith    .   (no shield)
rNeg    + + +      Spirit   .   a - +0 robe
rPois   ∞          Reflect  .   (no helmet)
rElec   .          Harm     .   (no cloak)
rCorr   .          Rampage  .   (no gloves)
Will    .....                   (no boots)
Stlth   +.........              (no amulet)
HPRegen 0.00/turn               (no ring)
MPRegen 0.08/turn               (no ring)

@: confused, ambrosia-drunk, inhibited regen
A: claws 1, cold resistance 1, negative energy resistance 3, inhibited
regeneration, torment resistance 2
a: no special abilities


You were on level 3 of the Dungeon.
You visited 1 branch of the dungeon, and saw 3 of its levels.

You collected 130 gold pieces.

Inventory:

Hand Weapons
 e - a +3 spear of chaos (weapon)
Armour
 a - a +0 robe (worn)


   Skills:
 - Level 4.0 Fighting
 + Level 0.6 Polearms
 + Level 0.0 Throwing
 + Level 3.3 Dodging
 + Level 3.3 Stealth
 - Level 3.2 Unarmed Combat


You had 2 spell levels left.
You knew the following spells:

 Your Spells              Type           Power      Damage    Failure   Level
a - Freeze                Ice            0%         1d3       47%         1

Your spell library contained the following spells:

 Spells                   Type           Power      Damage    Failure   Level
 Frozen Ramparts          Ice            0%         1d2       85%         3
 Gell's Gravitas          Tloc           0%         N/A       85%         3
 Lesser Beckoning         Tloc           0%         N/A       85%         3
 Teleport Other           Tloc           0%         N/A       85%         3
 Airstrike                Air            0%         N/A       99%         4
 Hailstorm                Conj/Ice       0%         3d3       99%         4
 Summon Lightning Spire   Summ/Air       0%         N/A       99%         4
 Lightning Bolt           Conj/Air       0%         1d11      100%        5


Dungeon Overview and Level Annotations

Branches:
Dungeon (3/15)

Altars:


Innate Abilities, Weirdness & Mutations

You thrive by killing the living.
You are immune to poison.
You have sharp fingernails.
Your flesh is cold resistant. (rC+)
You are immune to negative energy. (rN+++)
You do not regenerate when monsters are visible.
You are immune to unholy pain and torment.


Message History

You miscast Freeze.
You are very lightly contaminated with residual magic.
Nothing appears to happen.
The gnoll hits you with a +0 whip. The gnoll barely misses you.
You barely miss the gnoll.
The gnoll is lightly wounded.
The gnoll misses you.
The gnoll hits you from afar with a +0 spear!
You hit the gnoll.
The gnoll is poisoned.
The gnoll is heavily wounded.
The gnoll hits you with a +0 whip!
* * * LOW HITPOINT WARNING * * *
The gnoll closely misses you.
You feel better.
The gnoll hits you from afar with a +0 spear.
It was a potion of ambrosia.
You are confused.
You feel invigorated.
The gnoll hits you from afar with a +0 spear!
The gnoll closely misses you.
You hit the gnoll.
The gnoll is poisoned.
The gnoll is severely wounded.
The gnoll hits you with a +0 whip. The gnoll closely misses you.
You hit the gnoll.
The gnoll seems to speed up.
The gnoll is almost dead.
The gnoll completely misses you.
The gnoll hits you from afar with a +0 spear.
Your magical contamination has completely faded away.
You bump into the rock wall.
The gnoll hits you with a +0 whip. The gnoll barely misses you.
The gnoll hits you from afar with a +0 spear!
* * * LOW HITPOINT WARNING * * *
You are too confused!
You hit the gnoll.
The gnoll is almost dead.
The gnoll closely misses you.
The gnoll hits you from afar with a +0 spear.
* * * LOW HITPOINT WARNING * * *
The gnoll hits you with a +0 whip!
You die...

#.# #.# #.# #.# #.# #.#
######## #.# #.#
#....... #.# #.###......
#.# #.#....... # #@#
#.#....#
..###.#g####.#....######
...((>.gg)........'.....
...####'####.#....######
.... #.#....# .......
#.###### ..........#.#
......(...#.#
#.####.####.#


You could see 3 gnolls.

Vanquished Creatures
  An adder (D:3)
  A worm (D:3)
  A dart slug (D:1)
  6 ball pythons
  6 endoplasms
  6 giant cockroaches
  2 goblins (D:1)
  3 hobgoblins
  3 jackals (D:1)
  4 kobolds
  A quokka (D:1)
  4 bats
  3 frilled lizards
  5 rats
46 creatures vanquished.

Notes
Turn   | Place    | Note
-------+----------+-------------------------------------------
     0 | D:1      | Leperlord the Ghoul Monk began the quest for the Orb.
     0 | D:1      | Reached XP level 1. HP: 19/19 MP: 0/0
    81 | D:1      | Reached XP level 2. HP: 21/26 MP: 1/1
   536 | D:1      | Reached XP level 3. HP: 32/33 MP: 2/2
  1107 | D:1      | You fall into a shaft and drop 1 floor!
  1746 | D:2      | Learned a level 1 spell: Freeze
  1775 | D:2      | Found a faded altar of an unknown god.
  2176 | D:3      | Reached skill level 4 in Fighting
  2176 | D:3      | Reached XP level 4. HP: 13/40 MP: 1/3
  2455 | D:3      | Slain by a gnoll

Illustrated notes

Levels and vault maps discovered:
D:1:      dpeg_arrival_pond, layout_loops_ring
D:2:      layout_basic, shapermc_ecumenical_altar_mp_highgroup,
          minmay_close_crescents
D:3:      layout_basic, amcnicky_mini_pool_small

Skill      XL: |  1  2  3 |
---------------+----------+-----
Dodging        | 3 |  3.3
Stealth        | 3 |  3.3
Fighting       | 4 |  4.0
Polearms       | |  0.6
Unarmed Combat | |  3.2

Action                   |  1- 3 |  4- 6 || total
-------------------------+-------+-------++-------
Melee: Unarmed           |    67 |       ||    67
       Punch             |     1 |       ||     1
       Spear             |    46 |     8 ||    54
Throw: Javelin           |     1 |     5 ||     6
 Cast: Freeze            |     3 |       ||     3
  Use: Scroll            |     3 |       ||     3
       Potion            |       |     2 ||     2
 Stab: Sleeping          |     5 |       ||     5
Armor: Robe              |    15 |       ||    15
Dodge: Dodged            |    80 |    13 ||    93

Table legend: (Time is in decaauts)
 A = Elapsed time spent in this place.
 B = Non-inter-level travel time spent in this place.
 C = Inter-level travel time spent in this place.
 D = Time resting spent in this place.
 E = Time spent auto-exploring this place.
 F = Levels seen in this place.
 G = Mean time per level.
                   A        B        C        D        E       F      G
               +--------+--------+--------+--------+--------+-----+--------+
         Total |   2457 |   2457 |      0 |    543 |    607 |   3 |  819.0 |
       Dungeon |   2457 |   2457 |      0 |    543 |    607 |   3 |  819.0 |
               +--------+--------+--------+--------+--------+-----+--------+

Top non-repeatable levels by time:
     D:1: 1102 daAuts
     D:2: 1034 daAuts
     D:3: 320 daAuts
